Map: New Repugnancy LE

Players

PLAyDoCaize - Winner!

  • Race: Zerg Zerg
  • League: Platinum
  • Spawn Location: 7:00

DarwinAwdWnr

  • Race: Zerg Zerg
  • Spawn Location: 1:00

VOD

Have the link to the VOD?

Description

Time

  • Played on: June 2, 2019, 11:58 a.m.
  • Length: 7:07
Show
View Real Time Build Order
Export as new Build Order

PLAyDoCaize Zerg - Winner!

Build Orders: Hatch First 

Get SALT Encoding   

  12  0:01  Drone  
  13  0:12  Overlord  
  13  0:17  Drone  
  14  0:30  Drone x2  
  16  0:51  Hatchery  
  16  0:54  Drone  
  16  1:01  Drone  
  17  1:13  Spawning Pool  
  17  1:14  Drone  
  17  1:17  Drone  
  18  1:21  Drone  
  19  1:28  Drone  
  19  1:31  Extractor  
  19  2:03  Queen x2  
  19  2:05  Overlord  
  23  2:17  Drone x5  
  28  2:24  Drone  
  29  2:35  Drone  
  30  2:37  Drone  
  30  2:39  Queen  
  33  2:46  Lair  
  33  2:53  Overlord  
  33  2:54  Overlord  
  33  2:55  Drone  
  33  2:58  Drone  
  35  3:01  Drone  
  36  3:09  Roach Warren  
  36  3:11  Evolution Chamber  
  34  3:17  Evolution Chamber  
  33  3:35  Drone  
  33  3:36  Drone x6  
  33  3:41  Zerg Missile Weapons Level 1  
  40  3:47  Overlord  
  40  3:48  Glial Reconstitution  
  40  3:53  Extractor  
  40  3:54  Extractor  
  38  4:01  Drone  
  38  4:02  Drone x7  
  46  4:16  Roach x2  
  50  4:23  Roach  
  50  4:24  Roach  
  54  4:27  Roach  
  54  4:28  Roach  
  54  4:30  Overlord x2  
  58  4:34  Drone  
  59  4:48  Overlord  
  59  4:50  Roach x3  
  65  4:54  Roach x4  
  73  5:01  Overlord x2  
  73  5:03  Roach  
  75  5:07  Roach  
  75  5:11  Roach  
  78  5:53  Hatchery  
  73  6:04  Hydralisk Den  
  66  6:16  Roach x12  
  84  6:38  Roach  
  84  6:39  Roach x4  
Show
View Real Time Build Order
Export as new Build Order

DarwinAwdWnr Zerg 

Build Orders: Hatch First 

Get SALT Encoding   

  12  0:01  Drone  
  13  0:10  Drone  
  14  0:17  Overlord  
  14  0:37  Drone x2  
  16  0:52  Hatchery  
  16  0:54  Drone  
  16  0:59  Extractor  
  16  1:00  Drone  
  16  1:17  Spawning Pool  
  15  1:21  Drone  
  16  1:26  Drone  
  16  1:30  Drone  
  18  1:43  Drone  
  19  1:57  Drone  
  20  2:04  Metabolic Boost  
  20  2:05  Queen  
  20  2:08  Queen  
  24  2:17  Overlord  
  24  2:27  Overlord  
  24  2:40  Zergling x6  
  27  2:49  Baneling Nest  
  26  2:55  Drone x2  
  26  2:56  Roach Warren  
  26  2:57  Drone  
  28  3:20  Lair  
  28  3:23  Drone  
  28  3:24  Drone x4  
  33  3:46  Drone  
  33  3:47  Drone  
  35  3:55  Hatchery  
  34  4:24  Drone x6  
  35  4:25  Overlord x3, Drone x4  
  44  4:31  Overlord x2  
  44  4:56  Extractor  
  43  5:06  Drone x6  
  43  5:07  Drone x6  
  55  5:10  Queen  
  57  5:27  Roach  
  57  5:28  Roach x9  
  76  5:39  Roach x4  
  84  5:51  Roach  
  84  5:52  Roach x2  
  82  6:00  Roach  
  82  6:01  Roach  
  82  6:02  Overlord x2, Roach  
  82  6:07  Roach  
  82  6:08  Roach x2  
  82  6:09  Roach  
  76  6:14  Roach  
  70  6:23  Roach x2  
  70  6:31  Roach x2  
  60  6:45  Roach x2  
Tags
 
League
Platinum
Matchup
ZvZ
Race
Zerg
Replay Pack
10.7.19
Spawn Locations
Cross Positions
Add a new tag
Caveats
  • Supply blocks, unpowered buildings, or Contaminate may cause inaccurate times.
  • Supply counts are checked every 10 seconds.